 Dungeon Crawl Stone Soup version 0.25-a0-589-g1e14c549ee (webtiles) character file.

Game seed: 2301142477677497896, levelgen mode: deterministic

10516 Gynju the Fighter (level 11, -3/92 HPs)
             Began as a Demonspawn Abyssal Knight on Mar 11, 2020.
             Was a Believer of Lugonu.
             Slain by a hornet zombie (8 damage)
             ... on level 10 of the Dungeon.
             The game lasted 00:21:45 (10523 turns).

Gynju the Fighter (Demonspawn Abyssal Knight)      Turns: 10523, Time: 00:21:45

Health: -3/92      AC: 12    Str: 18    XL:     11   Next: 37%
Magic:  10/27      EV:  6    Int: 17    God:    Lugonu [**....]
Gold:   467        SH:  0    Dex: 14    Spells: 10/10 levels left

rFire    . . .     SeeInvis .   D - +6 war axe of the Warrior {vorpal, rF- Str+2 Int+3}
rCold    . . .     Gourm    .   (no shield)
rNeg     . . .     Faith    .   d - +0 plate armour
rPois    .         Spirit   .   (helmet restricted)
rElec    .         Reflect  .   (no cloak)
rCorr    +         Harm     .   (no gloves)
MR       .....                  (no boots)
Stlth    ..........             p - amulet of regeneration
HPRegen  0.65/turn              h - ring of magical power
MPRegen  0.20/turn              v - ring of resist corrosion

@: starving
A: antennae 2, thin skeletal structure 1, fire resistance 1, powered by death 1
a: Depart the Abyss, Bend Space, Renounce Religion


You were on level 10 of the Dungeon.
You worshipped Lugonu.
Lugonu was pleased with you.
You were starving.

You visited 2 branches of the dungeon, and saw 11 of its levels.
You visited the Abyss 2 times.

You collected 467 gold pieces.

Inventory:

Hand Weapons
 a - a +1 hand axe
 g - a +2 spear of distortion
 D - the +6 war axe of the Warrior (weapon) {vorpal, rF- Str+2 Int+3}
   (You found it on level 6 of the Dungeon)

   It inflicts extra damage upon your enemies.
   It affects your strength (+2).
   It affects your intelligence (+3).
   It makes you vulnerable to fire.
Missiles
 r - 8 curare-tipped darts (quivered)
 B - 2 throwing nets
Armour
 d - a +0 plate armour (worn)
Jewellery
 h - a ring of magical power (left hand)
 n - an uncursed amulet of the acrobat
 p - an amulet of regeneration (around neck)
 v - a ring of resist corrosion (right hand)
 w - an uncursed amulet of magic regeneration
Wands
 o - a wand of polymorph (12)
 y - a wand of random effects (24)
 E - a wand of digging (4)
Scrolls
 b - 2 scrolls of identify {@r1}
 e - 3 scrolls of amnesia
 i - 3 scrolls of teleportation
 m - 6 scrolls of magic mapping
 s - 4 scrolls of remove curse {@r2}
 A - a scroll of enchant armour
 C - a scroll of enchant weapon
Potions
 f - 2 potions of degeneration
 j - a potion of haste
 k - 3 potions of curing {@q1}
 l - a potion of mutation
 q - a potion of flight
 t - 2 potions of ambrosia
 u - 3 potions of berserk rage
 x - a potion of heal wounds
 G - a potion of stabbing
Comestibles
 c - 14 rations
 z - 11 chunks of flesh


   Skills:
 + Level 10.9 Fighting
 + Level 6.3(7.9) Axes
 - Level 7.3(8.4) Polearms
 + Level 4.9 Armour
 - Level 1.3 Dodging
 - Level 10.0 Invocations
 + Level 4.7 Evocations


You had 10 spell levels left.
You didn't know any spells.
Your spell library contained the following spells:

 Spells                   Type           Power        Failure   Level  Hunger
 Sandblast                Erth           #.....       100%        1    ##.....
 Passwall                 Tmut/Erth      #.......     100%        2    ###....
 Stone Arrow              Conj/Erth      #.....       100%        3    ####...
 Petrify                  Tmut/Erth      #.......     100%        4    #####..
 Lee's Rapid Deconstruct  Erth           #.........   100%        5    ######.


Dungeon Overview and Level Annotations

Branches:
Dungeon (10/15)            Temple (1/1) D:5
   Lair: D:8-11         Orc: D:9-12

Altars:
Ashenzari
Cheibriados
Dithmenos
Elyvilon
Fedhas
Gozag
Hepliaklqana
Kikubaaqudgha
Makhleb
Nemelex Xobeh
Okawaru
Qazlal
Ru
Sif Muna
Trog
Uskayaw
Vehumet
Wu Jian
Xom
Yredelemnul
Zin
The Shining One

Annotations:
D:9 2 transporters, Jatopt's ghost, novice MiBe
Abyss:1 Menkaure


Innate Abilities, Weirdness & Mutations

You have a pair of antennae on your head.
You have a somewhat thin skeletal structure. (Dex +2, Stealth)
Your flesh is heat resistant. (rF+)
You regenerate a little health from kills.


Message History

The crocodile barely resists.
You are starving!
You can no longer banish your foes.
You barely miss the crocodile.
The crocodile is moderately wounded.
The crocodile bites you.
You hit the crocodile but do no damage.
The crocodile is lightly wounded.
You hit the hornet zombie. The crocodile bites you!
* * * LOW HITPOINT WARNING * * *
The hornet zombie hits you but does no damage.
The hornet zombie hits you.
* * * LOW HITPOINT WARNING * * *
The crocodile bites you!
* * * LOW HITPOINT WARNING * * *
You closely miss the crocodile.
The crocodile is lightly wounded.
You hit the hornet zombie but do no damage.
The hornet zombie hits you!
You die...

...............>######.####
......###.......##........##
......# #..#.#..##.........#
......# #..#.#..##<###.##.##
......# #..#.#..##.###..#.###
......###.............<.....#
......##........##.###....###
......##...#.##Z##.###....#
..............§t@.......#.#######
.#######...#Z#####.####.#.......#
.......#..Z#.# #.####.#.#######
.............# #.#...........#
.#####.#...#.# #.####.#.###### .#
#.......# #.# #.#.#
.######..#.#.### #.# #.#.#
.#.............# #.####.#.#
.######.##.#.#.# #...##.#.#


You could see a crocodile and a hornet zombie.

Vanquished Creatures
  Pikel (D:4)
  A cyclops (D:9)
  Psyche (D:8)
  A queen bee (D:9)
  Grinder (D:3)
  A slime creature (D:9)
  4 hippogriffs
  Sigmund (D:5)
  Eustachio (D:5)
  3 yaks (D:8)
  A hungry ghost (D:10)
  A water moccasin (D:6)
  Duvessa (D:4)
  3 ice beasts
  A sky beast (D:8)
  2 black bears (D:9)
  A necrophage (D:9)
  A phantom (D:5)
  4 ogres
  5 centaurs
  Blork the orc (D:4)
  7 bullfrogs
  A gnoll sergeant (D:8)
  2 scorpions (D:8)
  2 water moccasin skeletons
  Dowan (D:4)
  21 killer bees
  10 wights
  3 howler monkeys
  A bullfrog zombie (D:8)
  6 crimson imps
  2 centaur zombies
  3 jellies
  A centaur skeleton (D:6)
  3 hounds
  4 orc priests
  10 orc wizards
  Terence (D:2)
  3 iguanas
  9 worker ants
  A hound skeleton (D:7)
  A worker ant zombie (D:6)
  Robin (D:2)
  3 gnolls (D:9)
  6 adders
  2 shadow imps
  An ooze (D:2)
  2 adder skeletons
  2 worms (D:2)
  7 leopard geckos
  44 orcs
  9 giant cockroaches
  14 goblins
  10 hobgoblins
  13 jackals
  3 quokkas
  6 bats
  2 frilled lizards
  A jackal zombie (D:8)
  6 kobolds (D:1)
  A leopard gecko zombie (D:7)
  A quokka skeleton (D:4)
  A quokka zombie (D:6)
  3 rats
266 creatures vanquished.

Vanquished Creatures (others)
  A death yak (D:10)
  An unseen horror (D:9)
  A manticore (D:9)
  An elephant (D:10)
  A meliai (D:9)
  A basilisk (D:10)
  2 slaves (D:4)
  An orc warrior (D:4)
  An ogre (D:6)
  An orc wizard (D:7)
  A human skeleton (D:6)
  A hound skeleton (D:4)
  An adder (D:5)
  An orc (D:3)
  A leopard gecko skeleton (D:4)
16 creatures vanquished.

Grand Total: 282 creatures vanquished

Notes
Turn   | Place    | Note
-------+----------+-------------------------------------------
     0 | Abyss:1  | Gynju the Demonspawn Abyssal Knight began the quest for the
                  | Orb.
     0 | Abyss:1  | Reached XP level 1. HP: 18/18 MP: 2/2
     0 | Abyss:1  | Found a corrupted altar of Lugonu.
    50 | Abyss:1  | Noticed a jelly
    55 | Abyss:1  | Killed a jelly
    55 | Abyss:1  | Reached skill level 1 in Dodging
    55 | Abyss:1  | Gained mutation: You have a pair of small antennae on your
                  | head. [demonic ancestry]
    55 | Abyss:1  | Reached XP level 2. HP: 1/24 MP: 2/4
    55 | Abyss:1  | Gained mutation: You regenerate a little health from kills.
                  | [demonic ancestry]
    55 | Abyss:1  | Reached XP level 3. HP: 2/29 MP: 2/5
   115 | Abyss:1  | Noticed a reaper
   117 | D:1      | Escaped the Abyss
  1129 | D:2      | Noticed Terence
  1492 | D:2      | Noticed Robin
  1526 | D:2      | Reached ** piety under Lugonu
  1527 | D:2      | Reached XP level 4. HP: 31/35 MP: 6/6
  1593 | D:2      | Killed Robin
  1593 | D:2      | Reached skill level 1 in Polearms
  1778 | D:2      | Killed Terence
  1848 | D:2      | Reached XP level 5. HP: 42/42 MP: 8/8
  2156 | D:3      | Found a sparkling altar of Nemelex Xobeh.
  2163 | D:3      | Noticed Grinder
  2367 | D:3      | Paralysed by Grinder for 4 turns
  2376 | D:3      | Paralysed by Grinder for 2 turns
  2381 | D:3      | Killed Grinder
  2381 | D:3      | Reached skill level 5 in Invocations
  2381 | D:3      | Gained mutation: You have a pair of antennae on your head.
                  | [demonic ancestry]
  2381 | D:3      | Reached XP level 6. HP: 15/50 MP: 10/10
  2766 | D:3      | Reached skill level 5 in Fighting
  2766 | D:3      | Reached XP level 7. HP: 55/56 MP: 11/11
  2884 | D:3      | Reached *** piety under Lugonu
  3048 | D:4      | Noticed Blork the orc
  3195 | D:4      | Killed Blork the orc
  3277 | D:4      | Noticed Dowan
  3290 | D:4      | Killed Dowan
  3296 | D:4      | Noticed Duvessa
  3680 | D:4      | Noticed Pikel
  3827 | D:4      | Killed Duvessa
  3827 | D:4      | Gained mutation: Your flesh is heat resistant. (rF+)
                  | [demonic ancestry]
  3827 | D:4      | Reached XP level 8. HP: 26/64 MP: 13/13
  4081 | D:4      | Killed Pikel
  4081 | D:4      | Reached skill level 5 in Polearms
  4235 | D:5      | Entered Level 5 of the Dungeon
  4235 | D:5      | Noticed Menkaure
  4475 | D:5      | Found a basalt altar of Yredelemnul.
  4475 | D:5      | Found an ornate altar of the Wu Jian Council.
  4475 | D:5      | Found a glowing silver altar of Zin.
  4475 | D:5      | Found an ancient bone altar of Kikubaaqudgha.
  4770 | D:5      | Noticed Eustachio
  4803 | D:5      | Killed Eustachio
  4822 | D:5      | Banished Menkaure
  4858 | D:5      | Found a staircase to the Ecumenical Temple.
  4873 | D:5      | Noticed Sigmund
  4881 | D:5      | Killed Sigmund
  4881 | D:5      | Gained mutation: You have a somewhat thin skeletal
                  | structure. (Dex +2, Stealth) [demonic ancestry]
  4881 | D:5      | Reached XP level 9. HP: 70/72 MP: 15/15
  5337 | Temple   | Entered the Ecumenical Temple
  5909 | D:6      | Reached skill level 10 in Invocations
  5923 | D:6      | Found a runed translucent door.
  5924 | D:6      | Found a basalt altar of Yredelemnul.
  6197 | D:6      | Reached **** piety under Lugonu
  6327 | D:6      | Got a smoking war axe
  6328 | D:6      | Identified the +6 war axe of the Warrior {vorpal, rF- Str+2
                  | Int+3} (You found it on level 6 of the Dungeon)
  7048 | D:7      | Reached XP level 10. HP: 83/83 MP: 17/17
  7113 | D:7      | Found a stormy altar of Qazlal.
  7598 | D:8      | Reached ***** piety under Lugonu
  7831 | D:8      | Reached skill level 1 in Evocations
  7854 | D:8      | Noticed Psyche
  7876 | D:8      | Killed Psyche
  7876 | D:8      | Reached skill level 10 in Fighting
  8023 | D:8      | Reached skill level 5 in Axes
  9139 | D:9      | Identified the +7 broad axe of Brutal Revenge {vamp, MR+
                  | Dex+2}
  9139 | D:9      | Noticed a tengu warrior
  9150 | D:9      | Found a bloodstained altar of Trog.
  9151 | D:9      | Noticed Jatopt's ghost (novice MiBe)
  9152 | D:9      | Noticed a two-headed ogre
  9157 | D:9      | Found a transporter.
  9171 | D:9      | Found a transporter.
  9315 | D:9      | Noticed a moth of wrath
  9493 | D:9      | Reached XP level 11. HP: 61/92 MP: 18/18
  9651 | Abyss:1  | Noticed a reaper
  9652 | D:9      | Escaped the Abyss
  9656 | D:9      | Found a bloodstained altar of Trog.
  9754 | D:9      | Banished an unseen horror
  9780 | D:9      | Found a hazy altar of Hepliaklqana.
  9886 | D:9      | Found a basalt altar of Yredelemnul.
 10235 | D:10     | Entered Level 10 of the Dungeon
 10488 | D:10     | Noticed a death yak
 10491 | D:10     | Banished a death yak
 10522 | D:10     | HP: 4/92 [crocodile (13)]
 10523 | D:10     | Slain by a hornet zombie

Levels and vault maps discovered:
D:1:      dpeg_arrival_rooms_c, layout_basic
D:2:      layout_basic, uniq_robin, uniq_terence
D:3:      layout_rooms, nemelex_xobeh_ov_fountains_minmay, uniq_grinder
D:4:      layout_rooms, uniq_pikel, uniq_duvessa, uniq_blork_the_orc
D:5:      layout_loops_ring, grunt_temple_overflow_cloverleaf,
          minmay_temple_entry_statues, first_ration, uniq_sigmund,
          uniq_menkaure, uniq_eustachio
D:6:      layout_basic, dk_yredelemnul_ordeal
D:7:      layout_rooms, lemuel_doored_altar
D:8:      layout_loops_corners, uniq_psyche
D:9:      layout_long_grid, trog_ov_bears_minmay,
          gammafunk_ghost_wrathful_warriors, serial_glass, glass_columns_b,
          glass_columns_b, due_unseen_surprise, feat_on_display, david_nohive_1,
          hangedman_feature_mirror, eino_tiny_chamber, kb_rosetta
D:10:     layout_basic, david_lair_generic
Temple:   eino_wide_crystal_templ

Skill      XL: |  1  2  3  4  5  6  7  8  9 10 11 |
---------------+----------------------------------+-----
Axes           | 2 3 5 6 |  6.3
Armour         | 2 4 |  4.9
Dodging        | 1 |  1.3
Invocations    | 3 4 5 7 9 10 | 10.0
Polearms       | 1 2 3 4 5 7 |  7.3
Fighting       | 4 5 6 7 9 10 | 10.9
Evocations     | 3 4 |  4.7

Action                   |  1- 3 |  4- 6 |  7- 9 | 10-12 || total
-------------------------+-------+-------+-------+-------++-------
Melee: Hand axe          |    19 |       |       |       ||    19
       Spear             |    58 |   140 |   339 |       ||   537
       War axe           |       |       |    59 |   333 ||   392
Throw: Dart              |       |       |     8 |       ||     8
Invok: Banish            |       |       |       |     9 ||     9
       Depart the Abyss  |       |       |       |     1 ||     1
       Enter the Abyss   |       |       |       |     1 ||     1
  Use: Potion            |     1 |       |       |       ||     1
       Scroll            |       |     7 |     9 |     6 ||    22
 Stab: Sleeping          |     1 |       |       |       ||     1
  Eat: Chunk             |       |     5 |    12 |    11 ||    28
       Ration            |       |       |     1 |     1 ||     2
Armor: Plate armour      |    20 |    88 |   155 |   251 ||   514
       Leather armour    |    12 |       |       |       ||    12
Dodge: Dodged            |    40 |    39 |    76 |   124 ||   279

Table legend:
 A = Non-vault XP
 B = Vault XP
 C = Vault XP percentage of total XP
 D = Non-vault monster count
 E = Vault monster count
 F = Vault count percentage of total count
                 A         B        C        D         E       F
            +---------+---------+-------+---------+---------+-------
      Total |    8506 |    6517 |  43.4 |     230 |      50 |  17.9
            +---------+---------+-------+---------+---------+-------
        D:1 |      24 |       0 |   0.0 |      15 |       0 |   0.0
        D:2 |     179 |      73 |  29.0 |      17 |      13 |  43.3
        D:3 |     355 |     286 |  44.6 |      35 |       1 |   2.8
        D:4 |     278 |     964 |  77.6 |      16 |       4 |  20.0
        D:5 |     660 |     517 |  43.9 |      18 |       3 |  14.3
        D:6 |     917 |      20 |   2.1 |      19 |       1 |   5.0
        D:7 |    1443 |       0 |   0.0 |      36 |       0 |   0.0
        D:8 |    2655 |     748 |  22.0 |      39 |       6 |  13.3
        D:9 |    1020 |    2979 |  74.5 |      26 |      19 |  42.2
       D:10 |     933 |     930 |  49.9 |       8 |       3 |  27.3
    Abyss:1 |      42 |       0 |   0.0 |       1 |       0 |   0.0
            +---------+---------+-------+---------+---------+-------
